Cogmind - Beta 13 @@@ ROGUE MODE // 2024.06.06 @ 20:48:41 Player: jonasanoj Result: Destroyed by D-53 Grenadier with Mini Grenade Launcher Performance ------------- Evolutions (0) 0 Regions Visited (4) 800 Robots Destroyed (14) 70 Value Destroyed (329) 329 Prototype IDs (24) 480 Alien Tech Used (0) 0 Bonus (335) 335 TOTAL SCORE: 2014 Bonus ------- Follower Combat Kills 35 Aligned with FarCom 300 Cogmind --------- Core Integrity 0/250 Matter 273/300 Energy 95/100 System Corruption 0% Temperature Cool (0) Movement Core (350) Ox6 Location -9/Mines Parts ------- > --- POWER (1) -------- (None) > --- PROPULSION (2) --- Improved Flight Unit > --- UTILITY (2) ------ Large Storage Unit Visual Processing Unit > --- WEAPON (2) ------- (None) > --- INVENTORY (15) --- Ion Engine Light Ion Engine Light Ion Engine Improved Flight Unit Flying Fortress v7 Improved Heat Sink Visual Processing Unit Signal Interpreter Light EM Pulse Cannon Light EM Pulse Cannon Light EM Pulse Cannon Peak State ------------ > --- POWER ------------ (None) > --- PROPULSION ------- Light Treads Improved Flight Unit > --- UTILITY ---------- Large Storage Unit Visual Processing Unit > --- WEAPON ----------- Light Cannon Rocket Launcher > --- INVENTORY -------- Ion Engine Light Ion Engine Light Ion Engine Improved Flight Unit Flying Fortress v7 Improved Heat Sink Visual Processing Unit Signal Interpreter Light EM Pulse Cannon Light EM Pulse Cannon Light EM Pulse Cannon [Rating: 15] Favorites ----------- Power Ion Engine Engine Ion Engine Propulsion Light Treads Treads Light Treads Flight Unit Improved Flight Unit Utility Visual Processing Unit Storage Large Storage Unit Processor Visual Processing Unit Weapon Light EM Pulse Cannon Energy Gun Medium Laser Energy Cannon Light EM Pulse Cannon Ballistic Gun Assault Rifle Ballistic Cannon Light Cannon Launcher Rocket Launcher Build | -11 -10 -10 -10 -9 ------- Run | Yrd Mat Min Exi Min Slots Evolved . | . . . . . Power . | . . . . . Propulsion . | . . . . . Utility . | . . . . . Weapon . | . . . . . Parts Attached 19 | 7 9 . . 3 Power 1 | 1 . . . . Engine 1 | 1 . . . . Core . | . . . . . Reactor . | . . . . . Propulsion 7 | 2 3 . . 2 Treads 5 | 2 2 . . 1 Leg . | . . . . . Wheel . | . . . . . Hover . | . . . . . Flight 2 | . 1 . . 1 Utility 3 | 1 2 . . . Device . | . . . . . Storage 2 | 1 1 . . . Processor 1 | . 1 . . . Hackware . | . . . . . Protection . | . . . . . Artifact . | . . . . . Weapon 8 | 3 4 . . 1 Energy Gun 1 | 1 . . . . Energy Cannon 2 | . 2 . . . Ballistic Gun 2 | 2 . . . . Ballistic Cannon 2 | . 2 . . . Launcher 1 | . . . . 1 Special Weapon . | . . . . . Impact Weapon . | . . . . . Slashing Weapon . | . . . . . Piercing Weapon . | . . . . . Special Melee Weapon . | . . . . . Unidentified Prototypes 1 | . 1 . . . Parts Lost 5 | . . . . 5 Power 1 | . . . . 1 Propulsion 2 | . . . . 2 Utility . | . . . . . Weapon 2 | . . . . 2 Highest Loss Streak 5 | . . . . 5 To Critical Strikes . | . . . . . Average Slot Usage (%) 98 | . 95 100 100 98 Engine 13 | . 14 14 14 13 Treads 27 | . 25 28 28 27 Storage 14 | . 14 14 14 14 Processor 12 | . 9 14 14 14 Energy Cannon 11 | . 12 14 14 4 Ballistic Gun 2 | . 7 . . . Ballistic Cannon 11 | . 7 14 14 14 Launcher 1 | . . . . 9 Naked Turns . | . . . . . Heaviest Build 33 | 14 33 32 32 32 Greatest Support 40 | 40 40 40 40 40 Greatest Overweight (x) 8 | 3 1 . . 8 Average Overweight (x) . | . . . . . Largest Inventory Capacity 15 | 8 15 15 15 15 Average Capacity 13 | 7 11 15 15 15 Most Carried 15 | 6 12 15 15 15 Average Carried 12 | 3 9 14 14 14 Final Capacity 15 | 8 15 15 15 15 Final Carried 15 | 6 12 15 15 14 Class Distribution -------------------- 100% | Mutant Dominant Class ---------------- Mutant | -10/Materials Mutant | -10/Mines Mutant | -10/Exiles Mutant | -9/Mines Resources | -11 -10 -10 -10 -9 ----------- Run | Yrd Mat Min Exi Min Matter Collected 496 | 230 210 56 . . Remotely . | . . . . . Salvage Created 366 | . 229 137 . . Parts 22 | 1 18 3 . . Haulers Intercepted 1 | . 1 . . . Recyclers Shooed . | . . . . . Parts Field Recycled . | . . . . . Retrieved Matter . | . . . . . Parts Self-Destructed . | . . . . . Prevented . | . . . . . Kills | -11 -10 -10 -10 -9 ------- Run | Yrd Mat Min Exi Min Combat Hostiles Destroyed 10 | . 6 4 . . Guns 1 | . 1 . . . Cannons 9 | . 5 4 . . Classes Destroyed 5 | 1 4 . . . Worker 1 | 1 . . . . Hauler 1 | . 1 . . . Watcher 2 | . 2 . . . Swarmer 3 | . 3 . . . Grunt 7 | . 3 4 . . Best Kill Streak 3 | 1 3 3 . . Combat Bots Only 3 | . 2 3 . . Max Kills in Single Turn 1 | 1 1 1 . . Gunslinging . | . . . . . Exploded . | . . . . . Melee . | . . . . . Uniques/NPCs Destroyed . | . . . . . Combat | -11 -10 -10 -10 -9 -------- Run | Yrd Mat Min Exi Min Hostile Shots Fired 47 | . 24 8 . 15 Missed 8 | . 4 3 . 1 Damage Taken 916 | . 239 90 . 587 Core 255 | . 32 11 . 212 Absorbed by Shields . | . . . . . Core Remaining (%) 100 | 100 . . . . Volleys Fired 39 | . 23 14 . 2 Largest 2 | . 2 2 . 1 Hottest 112 | . 112 91 . 33 Shots Fired 53 | . 34 17 . 2 Gun 5 | . 5 . . . Cannon 46 | . 29 17 . . Launcher 2 | . . . . 2 Special . | . . . . . Kinetic 36 | . 22 14 . . Thermal . | . . . . . Explosive 2 | . . . . 2 Electromagnetic 15 | . 12 3 . . Robot Hit Streak 11 | . 5 11 . 5 Robot Miss Streak 3 | . 2 3 . 1 Penetration Max . | . . . . . Secondary Targets . | . . . . . Shots Hit Robots 36 | . 22 13 . 1 Core Hits 19 | . 10 4 . 5 Critical Kills . | . . . . . Critical Parts Destroyed . | . . . . . Critical Strikes 3 | . 1 2 . . Blast 3 | . 1 2 . . Melee Attacks . | . . . . . Impact . | . . . . . Slashing . | . . . . . Piercing . | . . . . . Sneak Attacks . | . . . . . Combat Hostiles . | . . . . . Follow-up Attacks . | . . . . . Damage Inflicted 873 | 2 576 248 . 47 Guns 47 | . 47 . . . Cannons 634 | . 386 248 . . Explosions 187 | . 140 . . 47 Melee . | . . . . . Ramming 5 | 2 3 . . . Kinetic 386 | . 204 182 . . Thermal 140 | . 140 . . . Explosive 47 | . . . . 47 Electromagnetic 295 | . 229 66 . . Impact . | . . . . . Slashing . | . . . . . Piercing . | . . . . . Highest Corruption . | . . . . . Average Corruption . | . . . . . Corruption Purged . | . . . . . Corruption Blocked . | . . . . . Overload Shots . | . . . . . Overflow Damage 10 | . 10 . . . Projectiles 10 | . 10 . . . Explosions . | . . . . . Melee . | . . . . . Knockbacks 1 | . 1 . . . Impact . | . . . . . Kinetic 1 | . 1 . . . Secondary . | . . . . . Self-Inflicted Damage 30 | . 23 . . 7 Shots 2 | . 1 . . 1 Rammed 3 | . 1 2 . . Targets Rammed 4 | 1 1 2 . . Kicked . | . . . . . Crushed 1 | 1 . . . . Highest Temperature 235 | . 235 72 . . Average Temperature 55 | . 71 29 . . Received Heat Transfer 150 | . 99 51 . . Siege Activations . | . . . . . Robots Corrupted . | . . . . . Combat Hostiles . | . . . . . Parts Fried 1 | . 1 . . . Impact Corruptions . | . . . . . Robots Melted . | . . . . . Combat Hostiles . | . . . . . Parts Melted . | . . . . . Heat Transferred 200 | . 200 . . . Parts Sabotaged . | . . . . . Parts Stolen . | . . . . . Parts Stripped . | . . . . . Power Chain Reactions 1 | . 1 . . . Alert | -11 -10 -10 -10 -9 ------- Run | Yrd Mat Min Exi Min Peak Influence 170 | . 133 170 . 8 Initial 39 | . 3 39 . . Average 64 | . 68 130 . . Maximum Alert Level . | . . . . . Low Security (%) 100 | 100 100 100 . 100 Level 1 . | . . . . . Level 2 . | . . . . . Level 3 . | . . . . . Level 4 . | . . . . . Level 5 . | . . . . . High Security . | . . . . . Max Security . | . . . . . Squads Dispatched 1 | . 1 . . . Investigation 1 | . 1 . . . Extermination . | . . . . . Reinforcement . | . . . . . Assault . | . . . . . Garrison . | . . . . . Intercept . | . . . . . Searches Triggered . | . . . . . Construction Impeded . | . . . . . Haulers Reinforced . | . . . . . Active Scanning Responses . | . . . . . Cargo Convoy Interrupts . | . . . . . Stealth | -11 -10 -10 -10 -9 --------- Run | Yrd Mat Min Exi Min Distress Signals 2 | . 2 . . . Communications Jammed . | . . . . . Distress Signals . | . . . . . Times Spotted 18 | . 11 5 . 2 Peak Tracking Total 4 | . 4 3 . 2 Tactical Retreats . | . . . . . Traps | -11 -10 -10 -10 -9 ------- Run | Yrd Mat Min Exi Min Traps Triggered 1 | . 1 . . . Indirectly . | . . . . . Trap Hack Attempts . | . . . . . Triggered . | . . . . . Disarmed . | . . . . . Reprogrammed . | . . . . . Reused . | . . . . . Traps Extracted . | . . . . . Installed . | . . . . . Triggered . | . . . . . Machines | -11 -10 -10 -10 -9 ---------- Run | Yrd Mat Min Exi Min Machines Disabled . | . . . . . Max in Single Turn . | . . . . . Machines Repaired . | . . . . . Machines Dismantled . | . . . . . Machines Sabotaged . | . . . . . Overloaded Fab Kills . | . . . . . Hacking | -11 -10 -10 -10 -9 --------- Run | Yrd Mat Min Exi Min Machines Accessed 6 | . 4 1 1 . Terminals 5 | . 4 1 . . Fabricators . | . . . . . Repair Stations . | . . . . . Recycling Units . | . . . . . Scanalyzers . | . . . . . Garrison Access . | . . . . . Total Hacks 13 | . 9 3 1 . Successful 6 | . 4 1 1 . Failed 7 | . 5 2 . . Catastrophic 2 | . 2 . . . Database Lockouts . | . . . . . Manual 6 | . 2 3 1 . Terminals 12 | . 9 3 . . Fabricators . | . . . . . Repair Stations . | . . . . . Recycling Units . | . . . . . Scanalyzers . | . . . . . Garrison Access . | . . . . . Terminal Hacks 6 | . 4 1 1 . Robot Analysis 1 | . 1 . . . Branch Access Points 1 | . . 1 . . Alert Level 1 | . 1 . . . Security Status 1 | . 1 . . . Registered Components 1 | . 1 . . . Derelict Proto ID Bank 1 | . . . 1 . Fabricator Hacks . | . . . . . Repair Station Hacks . | . . . . . Recycling Unit Hacks . | . . . . . Scanalyzer . | . . . . . Garrison Access Hacks . | . . . . . Unauthorized Hacks . | . . . . . Terminals . | . . . . . Fabricators . | . . . . . Repair Stations . | . . . . . Recycling Units . | . . . . . Scanalyzers . | . . . . . Garrison Access . | . . . . . Data Cores Recovered . | . . . . . Used . | . . . . . Hacking Detections 5 | . 4 1 . . Full Trace Events 3 | . 3 . . . Feedback Events . | . . . . . Feedback Blocked . | . . . . . Robot Schematics Acquired . | . . . . . Robots Built . | . . . . . Authchips . | . . . . . Time . | . . . . . Total Robot Build Rating . | . . . . . Part Schematics Acquired . | . . . . . Parts Built . | . . . . . Authchips . | . . . . . Time . | . . . . . Total Part Build Rating . | . . . . . Parts Repaired . | . . . . . Time . | . . . . . Parts Recycled . | . . . . . Recycled Matter . | . . . . . Retrieved Matter . | . . . . . Retrieved Components . | . . . . . Parts Scanalyzed . | . . . . . Part Schematics Acquired . | . . . . . Parts Damaged . | . . . . . Bothacking | -11 -10 -10 -10 -9 ------------ Run | Yrd Mat Min Exi Min Used RIF Installer . | . . . . . Robots Hacked . | . . . . . Non-combat . | . . . . . Combat . | . . . . . Robot Hacks Applied . | . . . . . Relay Couplers Released . | . . . . . Fabnet Peak Effective % . | . . . . . Robots Rewired . | . . . . . Allies Hacked . | . . . . . Hacks Repelled . | . . . . . Allies | -11 -10 -10 -10 -9 -------- Run | Yrd Mat Min Exi Min Total Allies 3 | . . 3 . . Largest Group 3 | . . 3 3 . Highest-Rated Group 76 | . . 76 76 . Highest-Rated Ally 31 | . . 31 31 . Total Orders . | . . . . . Ally Attacks 6 | . . 6 . . Total Damage 107 | . . 107 . . Kills 1 | . . 1 . . Allies Corrupted . | . . . . . Allies Melted . | . . . . . Intel | -11 -10 -10 -10 -9 ------- Run | Yrd Mat Min Exi Min Robot Analysis Total 1 | . 1 . . . Derelict Logs Recovered 1 | . . 1 . . Drone Launches . | . . . . . Drone Recoveries . | . . . . . Exploration | -11 -10 -10 -10 -9 ------------- Run | Yrd Mat Min Exi Min Turns Passed 2121 | 109 684 382 611 335 Spaces Moved 1189 | 60 367 211 350 201 Core 7 | 6 . . . 1 Treads 1182 | 54 367 211 350 200 Legs . | . . . . . Wheels . | . . . . . Hover . | . . . . . Flight . | . . . . . Fastest Speed 50 | 50 160 160 160 160 Average Speed 160 | 153 161 160 160 162 Slowest Speed 450 | 200 240 160 160 450 Overloaded Moves . | . . . . . Propulsion Burnouts . | . . . . . Robots Hopped . | . . . . . Cave-ins Triggered . | . . . . . Exploration Rate (%) 41 | 4 39 53 63 47 Regions Visited 4 Branch Regions 3 Pre-discovered Areas . | . . . . . Known Exits Taken . | . . . . . Unknown Exits Taken 4 | 1 1 1 1 . Scrap Searched 2 | . . 1 . 1 Spaces Dug . | . . . . . Terrain Destroyed 22 | . 6 . . 16 Melee . | . . . . . Projectile . | . . . . . AOE 22 | . 6 . . 16 Terrain Rammed . | . . . . . Walls Destroyed . | . . . . . Machines Disabled . | . . . . . Actions | -11 -10 -10 -10 -9 --------- Run | Yrd Mat Min Exi Min Total 1348 | 73 424 239 403 209 Wait 58 | . . 8 49 1 Move 1186 | 60 366 210 349 201 Hop . | . . . . . Pick Up 26 | 6 14 4 1 1 Fast Attach 9 | 6 3 . . . Attach 1 | . . . . 1 Detach . | . . . . . Swap 9 | 1 6 . . 2 Drop 17 | . 11 1 4 1 Fire 39 | . 23 14 . 2 Melee . | . . . . . Ram . | . . . . . Kick . | . . . . . Crush 3 | . 1 2 . . Escape Stasis . | . . . . . Rewire . | . . . . . Trap . | . . . . . Miscellaneous . | . . . . . Route ------- -11/Scrapyard -10/Materials -10/Mines -10/Exiles (discovered 2 exits: [*Min x2]) -9/Mines History --------- Turn | Location | Event 24 | -11/Scrapyard | Discovered new exit (range 15) 110 | -11/Scrapyard | Entered Materials 265 | -10/Materials | Discovered new exit (range 16) 315 | -10/Materials | Build established: Mutant 794 | -10/Materials | Entered Mines 825 | -10/Mines | Met a Derelict bent on vengeance 862 | -10/Mines | Escorted by a lone wolf Derelict 1040 | -10/Mines | Learned 2 Materials zone layouts 1165 | -10/Mines | Deemed a non-threat by the Exiles lab entrance 1167 | -10/Mines | Discovered new exit (range 5) 1176 | -10/Mines | Entered Exiles 1176 | -10/Exiles | Accompanied by 3 allies 1197 | -10/Exiles | Discovered new exit (range 17) 1206 | -10/Exiles | Led the pair of lost Derelicts to a safe place 1215 | -10/Exiles | Met 8R-AWN 1248 | -10/Exiles | Met EX-HEX 1320 | -10/Exiles | Met EX-BIN 1348 | -10/Exiles | Aligned with FarCom system 1349 | -10/Exiles | Given EX-Vault access code 1397 | -10/Exiles | Opened EX-Vault 1415 | -10/Exiles | Found Flying Fortress v7 1456 | -10/Exiles | Warned to stay clear of 0b10 Research branches 1465 | -10/Exiles | Exiles lab attacked by MAIN.C 1623 | -10/Exiles | Discovered new exit (range 17) 1787 | -10/Exiles | Left Exiles lab with Flying Fortress v7 1787 | -10/Exiles | Entered Mines 1836 | -9/Mines | Received a Rocket Launcher from a helpful Derelict 1935 | -9/Mines | Found a hidden stash of uninstalled traps 2095 | -9/Mines | Assembled infested the area 2112 | -9/Mines | Core integrity fell below 50% 2122 | -9/Mines | Core integrity fell below 20% 2122 | -9/Mines | Destroyed by D-53 Grenadier with Mini Grenade Launcher Last Messages --------------- K-01 Serf collects debris. ALERT: Infestation in the mines, dispatching Demolisher response squad. C-30 ARC bursts open, deploying its payload. D-53 Grenadier unfolds itself. The unstable cave ceiling collapses. Ion Engine destroyed. Lgt. Treads destroyed. The unstable cave ceiling collapses. U-05 Engineer builds a Wall. The unstable cave ceiling collapses. U-05 Engineer lays Concrete. Lgt. Treads destroyed. The unstable cave ceiling collapses. Lgt. Cannon destroyed. Rocket Launcher destroyed. T-07 Excavator destroyed. G-47 Trooper destroyed. U-05 Engineer lays Concrete. D-53 Grenadier destroyed. U-05 Engineer destroyed. Map ----- +----------------------------------------------------+ | | | | | | | | | | | | | | | | | | | ?????????????????????????????????????????????????? | | ?????????????????????????????????????????????????? | | ?????????????????????????????????????????????????? | | ?????????????????????????????????????????????????? | | ?????????????????????????????????????????????????? | | ???????????????######????????????????????????????? | | ???????????????# ##???????????????????????????? | | ???????????????# #???????????????????????????? | | ???????????????# #????????????????????????????? | | ????????###????# #?###????????????????????????? | | ????????# ##?## ### ####?????????????????????? | | ????????# ### # ##????????????????????? | | ????????# ## ##???????????????????? | | ?????????# ##??????????????????? | | ?????????# #??????????????????? | | ?????????# t *##?????????????????? | | ?????????# @ d|%=#?????????????????? | | ????????## # # #?????????????????? | | ???????## u # #?????????????????? | | ?????### % %"????????????????? | | ????## ### g ??????????????? | | ????# ###?## ###g ?#???????? ????? | | ????# ######????###???## ###???????? # ???? | | ????# ##??????#####??????# ##????????# ???? | | ????# ##??????# ##?????####????????# ???? | | ????# ##?????# ####?????????????# ????? | | ????## ##???## ##?????####### #?????? | | ?????## #??## ##????# #??????? | | ???#### #### ##### #??????? | | ??## ## #???????? | | ??# #????????? | | ?# ###### ########## ?????????? | | ?# ###????# ########## #?????????????? | | ?## ######??????# #?????????????? | | ??## ##???????????# ########## #?????????????? | | ???# ?????????????# #????????# #?????????????? | | ???## #?????????????# #????????# #?????????????? | | ????###??????????????# #????????# #?????????????? | | ?????????????????????# #???????## #####?????????? | | ?????????????????????# #??????## ##????????? | | ?????????????????????# #??????# & #????????? | +----------------------------------------------------+ Best States ------------- Heat Dissipation 25 Energy Generation 10 Energy Capacity 250 Matter Stores 300 Matter Capacity 300 Sight Range 18 Terrain Scan Density 10 Evasion (%) 40 Recoil Reduction 2 Item Schematics ----------------- None Robot Schematics ------------------ None Fabricated ------------ Nothing Alien Tech Used ----------------- None Achievements -------------- None Challenges ------------ None Game ------ Seed FusionSpacefoldBarrier Manual? 0 Play Time 00:14:33 Cumulative 13.6 hours Start 2024.06.06 @ 20:35:19 End 2024.06.06 @ 20:48:41 Sessions 1 Manual Loads 0 Difficulty Rogue Special Mode None Game No. 24 Rogue 19 Adventurer 5 Explorer 0 Win Type - Total 0 Types 0/0/0/0/0/0/0/0/0 Lore% 18 Gallery% 23 Achievement% 18 Wizard Run 0 Options --------- Layout 0 ASCII 0 Keyboard 0 Movement Arrows Keybinds 0 Fullscreen 1 Font 18/X11Bold Map View 76x50 Zoom Use 0% Tactical HUD 0 Map Filters NONE Filters NONE Steam 1 RUN: ee74caf0-7187-44f3-81da-a01b0a18d6c5